 Dungeon Crawl Stone Soup version 0.31-a0-971-g75a2e9a4b4 (webtiles) character file.

Game seed: 6085818925249898973

640008 Arzdou the Skinwalker (level 27, -7/217 HPs)
             Began as a Demonspawn Shapeshifter on Oct 28, 2023.
             Was the Champion of Jiyva.
             Killed from afar by an ancient lich (43 damage)
             ... with a crystal spear
             ... on level 5 of the Realm of Zot on Oct 29, 2023.
             The game lasted 03:09:42 (55330 turns).

Arzdou the Skinwalker (Demonspawn Shapeshifter)    Turns: 55330, Time: 03:09:43

Health: -7/217     AC: 33    Str: 23 (31) XL:     27
Magic:  0/33       EV: 13    Int: 26      God:    Jiyva [******]
Gold:   4331       SH:  0    Dex:  7 (13) Spells: 23/40 levels left

rFire   + +          +
                       - Unarmed
rCold   + + +        (no shield)
rNeg    + + +        K - +8 ice dragon scales "Vuos" {rF- rC++ rCorr Str+3 Int+3 Stlth+}
rPois   ∞            l - +2 helmet {Int+3}
rElec   +            x - +2 cloak {Will+}
rCorr   +            (gloves unavailable)
SInv    .            s - +2 pair of boots {Fly}
Will    +++++        t - amulet "Zad Pifu" {Acrobat rElec rF+++ rC+ Stlth-}
Stlth   +            W - ring of Mistrust {rF+ Int+2 Slay+3 Stlth+}
HPRegen 2.16/turn    m - +6 ring of strength
MPRegen 0.96/turn

%: acrobat, guardian spirit
@: about to teleport, death-form, marked, flying, studying Dodging
A: vile attack, torment immunity, no potions, icy blue scales 3, powered by pain
3, magic shield, magic regeneration, magic link, black mark, bedeviling, aura of
silence, demonic touch 3, talons 2, camouflage 1, cold resistance 3, fire
resistance 1, acidic bite, pseudopods 1, tendrils, jelly sensing items
}: 3/15 runes: barnacled, slimy, abyssal
a: Siphon Essence, Begin Untransformation, Renounce Religion, Evoke Blink,
Oozemancy, Slimify


You were on level 5 of the Realm of Zot.
You worshipped Jiyva.
Jiyva was exalted by your worship.
You were an undying horror.
You visited 12 branches of the dungeon, and saw 53 of its levels.
You visited the Abyss 2 times.
You visited 1 ziggurat, and saw 14 of its levels.
You also visited: Sewer, Ossuary, Ice Cave, Volcano, Wizlab and Desolation.

You collected 6681 gold pieces.
You spent 2350 gold pieces at shops.

Inventory:

Missiles
 B - 7 throwing nets
Armour
 l - a +2 helmet of intelligence (worn)
 s - a +2 pair of boots of flying (worn)
 x - a +2 cloak of willpower (worn)
 K - the +8 ice dragon scales "Vuos" (worn) {rF- rC++ rCorr Str+3 Int+3 Stlth+}
   (You found it in an ice cave)

   Str+3:     It affects your strength (+3).
   Int+3:     It affects your intelligence (+3).
   rF-:       It makes you vulnerable to fire.
   rC++:      It greatly protects you from cold.
   rCorr:     It protects you from acid and corrosion.
   Stlth+:    It makes you more stealthy.
 T - +3 gold dragon scales
Jewellery
 m - a +6 ring of strength (right hand)
 t - the amulet "Zad Pifu" (around neck) {Acrobat rElec rF+++ rC+ Stlth-}
   (You found it on level 2 of the Vaults)

   [amulet of the acrobat]

   Acrobat:   It increases your evasion while moving and waiting.
   rF+++:     It renders you almost immune to fire.
   rC+:       It protects you from cold.
   rElec:     It insulates you from electricity.
   Stlth-:    It makes you less stealthy.
 C - the ring of Sexab {rF+ Str+3 Dex+7 Slay-2}
   (You took it off a draconian annihilator on level 4 of the Realm of Zot)

   [ring of protection from fire]

   Str+3:     It affects your strength (+3).
   Dex+7:     It affects your dexterity (+7).
   Slay-2:    It affects your accuracy & damage with ranged weapons and melee
   (-2).
   rF+:       It protects you from fire.
 L - the ring "Bogocuekh" {Fly Will+ Int+7 Dex-5 SInv}
   (You found it in the Desolation of Salt)

   [ring of see invisible]

   Int+7:     It affects your intelligence (+7).
   Dex-5:     It affects your dexterity (-5).
   Will+:     It increases your willpower.
   SInv:      It lets you see invisible.
   Fly:       It grants you flight.
 P - the amulet "Efuil" {rN+++ Regen+ MP+9 Dex+3}
   (You found it in the Desolation of Salt)

   [amulet of regeneration]

   Dex+3:     It affects your dexterity (+3).
   rN+++:     It renders you almost immune to negative energy.
   MP+9:      It affects your magic capacity (+9).
   Regen+:    It increases your rate of health regeneration.
 W - the ring of Mistrust (left hand) {rF+ Int+2 Slay+3 Stlth+}
   (You found it on level 4 of the Shoals)

   [ring of protection from fire]

   Int+2:     It affects your intelligence (+2).
   Slay+3:    It affects your accuracy & damage with ranged weapons and melee
   (+3).
   rF+:       It protects you from fire.
   Stlth+:    It makes you more stealthy.
Talismans
 c - the storm talisman "Vaongoh Baat" {Str+2}
   (You found it on level 2 of the Depths)

   [storm talisman]

   Str+2:     It affects your strength (+2).
 U - a blade talisman
 X - the talisman of death of the Evening (active) {+Blink Will+}
   (You found it on level 4 of the Depths)

   [talisman of death]

   Will+:     It increases your willpower.
   +Blink:    It lets you blink.
Wands
 e - a wand of paralysis (46)
 y - a wand of acid (9)
 G - a wand of flame (42)
 I - a wand of iceblast (31)
 N - a wand of digging (14)
 O - a wand of polymorph (29)
Scrolls
 d - 3 scrolls of poison
 g - 19 scrolls of identify
 h - 12 scrolls of teleportation
 i - 5 scrolls of silence
 j - 4 scrolls of fog
 p - 3 scrolls of immolation
 u - 7 scrolls of vulnerability
 E - 7 scrolls of amnesia
 F - 2 scrolls of butterflies
 M - 6 scrolls of fear
 Z - 7 scrolls of revelation
Potions
 b - 6 potions of enlightenment
 f - 8 potions of mutation
 k - 10 potions of curing
 n - 14 potions of might
 o - 8 potions of haste
 q - 6 potions of brilliance
 v - 2 potions of ambrosia
 z - 4 potions of cancellation
 A - a potion of berserk rage
 H - 6 potions of invisibility
 J - 4 potions of heal wounds
 Q - 2 potions of magic
 R - a potion of resistance
 S - 3 potions of lignification
Miscellaneous
 a - the horn of Geryon (inert)
 r - a lightning rod (4/4)
 w - a box of beasts
 D - a tin of tremorstones (1/2)
 Y - a phantom mirror (inert)


   Skills:
 + Level 17.9 Fighting
 - Level 14.0 Armour
 - Level 14.0 Dodging
 - Level 20.0 Unarmed Combat
 - Level 7.0 Spellcasting
 - Level 12.0 Hexes
 - Level 17.8 Translocations
 - Level 6.9 Transmutations
 - Level 15.0 Evocations
 - Level 23.1 Shapeshifting


You had 23 spell levels left.
You knew the following spells:

 Your Spells              Type           Power      Damage    Failure   Level
a - Confusing Touch       Hex            82%        N/A       1%          3
b - Wereblood             Tmut           45%        N/A       1%          2
c - Blink                 Tloc           100%       N/A       0%          2
d - Manifold Assault      Tloc           80%        N/A       1%          4
e - Dispersal             Tloc           40%        N/A       1%          6

Your spell library contained the following spells:

 Spells                   Type           Power      Damage    Failure   Level
 Lesser Beckoning         Tloc           100%       N/A       0%          2
 Slow                     Hex            100%       N/A       1%          1
 Ensorcelled Hibernation  Hex/Ice        100%       N/A       1%          2
 Momentum Strike          Conj/Tloc      100%       3d10      1%          2
 Gell's Gravitas          Tloc           80%        N/A       1%          3
 Teleport Other           Tloc           80%        N/A       1%          3
 Tukima's Dance           Hex            82%        N/A       1%          3
 Volatile Blastmotes      Fire/Tloc      100%       2d18      1%          3
 Sting                    Tmut/Pois      100%       1d8       3%          1
 Dazzling Flash           Conj/Hex       100%       N/A       3%          3
 Summon Guardian Golem    Hex/Summ       57%        N/A       3%          3
 Iskenderun's Mystic Bla  Conj/Tloc      53%        2d11      3%          4
 Yara's Violent Unravell  Hex/Tmut       36%        3d15      9%          5
 Anguish                  Hex/Necr       28%        N/A       12%         4
 Fulminant Prism          Conj/Hex       28%        3d13      12%         4
 Kiss of Death            Conj/Necr      36%        2d8       14%         1
 Magic Dart               Conj           36%        1d4       14%         1
 Summon Small Mammal      Summ           36%        N/A       14%         1
 Ignite Poison            Fire/Tmut/Pois 21%        N/A       17%         3
 Call Imp                 Summ           18%        N/A       22%         2
 Cigotuvi's Dreadful Rot  Necr/Pois/Air  18%        N/A       22%         2
 Poisonous Vapours        Pois/Air       18%        N/A       22%         2
 Sublimation of Blood     Necr           9%         N/A       22%         2
 Metabolic Englaciation   Hex/Ice        28%        N/A       32%         5
 Silence                  Hex/Air        28%        N/A       32%         5
 Summon Mana Viper        Hex/Summ       57%        N/A       32%         5
 Petrify                  Tmut/Erth      27%        N/A       34%         4
 Call Canine Familiar     Summ           9%         N/A       38%         3
 Frozen Ramparts          Ice            18%        1d3       38%         3
 Hailstorm                Conj/Ice       9%         3d4       38%         3
 Mephitic Cloud           Conj/Pois/Air  9%         N/A       38%         3
 Ozocubu's Armour         Ice            9%         N/A       38%         3
 Disjunction              Tloc           40%        N/A       52%         8
 Enfeeble                 Hex            41%        N/A       65%         7
 Irradiate                Conj/Tmut      13%        3d16      67%         5
 Animate Armour           Summ/Erth      18%        N/A       80%         4
 Animate Dead             Necr           9%         N/A       80%         4
 Brom's Barrelling Bould  Conj/Erth      9%         2d3       80%         4
 Dispel Undead            Necr           9%         3d8       80%         4
 Summon Ice Beast         Ice/Summ       9%         N/A       80%         4
 Summon Lightning Spire   Summ/Air       9%         N/A       80%         4
 Malign Gateway           Summ/Tloc      26%        N/A       97%         7
 Agony                    Necr           9%         N/A       98%         5
 Fireball                 Conj/Fire      4%         3d4       98%         5
 Freezing Cloud           Conj/Ice/Air   4%         6-21      98%         5
 Iskenderun's Battlesphe  Conj           9%         2d6       98%         5
 Lee's Rapid Deconstruct  Erth           4%         3d5*      98%         5
 Eringya's Noxious Bog    Tmut/Pois      13%        4d6       99%         6
 Conjure Ball Lightning   Conj/Air       4%         3x3d6     100%        6
 Death Channel            Necr           4%         N/A       100%        6
 Simulacrum               Ice/Necr       4%         N/A       100%        6
 Starburst                Conj/Fire      4%         6d4       100%        6
 Summon Cactus Giant      Summ           4%         N/A       100%        6
 Monstrous Menagerie      Summ           4%         N/A       100%        7
 Orb of Destruction       Conj           4%         9d5       100%        7
 Ozocubu's Refrigeration  Ice            4%         4d8       100%        7
 Spellforged Servitor     Conj/Summ      4%         N/A       100%        7
 Discord                  Hex            41%        N/A       100%        8
 Maxwell's Capacitive Co  Air            4%         ∞         100%        8
 Summon Horrible Things   Summ           4%         N/A       100%        8
 Chain Lightning          Conj/Air       4%         3d6       100%        9
 Death's Door             Necr           4%         N/A       100%        9
 Fire Storm               Conj/Fire      4%         8d1       100%        9
 Polar Vortex             Ice            4%         N/A       100%        9
 Shatter                  Erth           4%         3d8*      100%        9


Dungeon Overview and Level Annotations

Branches:
Dungeon (15/15)            Temple (0/1) D:5            Lair (5/5) D:8
 Shoals (4/4) Lair:2       Spider (1/4) Lair:2        Slime (5/5) Lair:5
    Orc (2/2) D:9             Elf (3/3) Orc:2        Vaults (5/5) D:13
  Crypt (3/3) Vaults:3       Tomb (0/3) Crypt:3      Depths (4/4) D:15
   Hell (visited)             Dis (0/7) Hell            Geh (0/7) Hell
    Coc (0/7) Hell            Tar (0/7) Hell            Zot (5/5) Depths:4
  Sewer (visited)         Ossuary (visited)           IceCv (visited)
Volcano (visited)          WizLab (visited)         Desolation (visited)

Altars:
Ashenzari
Hepliaklqana
Makhleb
Nemelex Xobeh
Okawaru
Qazlal
Ru
Sif Muna
Uskayaw
Vehumet
Wu Jian
Xom
Jiyva
Lugonu

Shops:
D:2 =   D:4 *   D:8 (   D:10 *   D:14 *=   Orc:1 *   Orc:2 ((**   Elf:3 **
Shoals:2 =   Vaults:3 !   Vaults:4 :   Depths:1 (![*   Depths:3 :

Portals:
Hell: Depths:1 Depths:2 Depths:3 Depths:4
Abyss: Depths:3 Depths:4
Pandemonium: Depths:2

Annotations:
Slime:5 Royal Jelly
Orc:2 2 transporters, MirrMurr's ghost, adept SpHu
Zot:5 1 exclusion


Innate Abilities, Weirdness & Mutations

You are an undying horror.
Your melee and unarmed attacks drain, slow and weaken victims.
You are immune to unholy pain and torment.
You cannot drink.
You are immune to poison.
You are completely covered in icy blue scales. (AC +4, rC+)
You are powered by pain.
When hurt, damage is shared between your health and your magic reserves.
You regenerate magic rapidly.
When low on magic, you restore magic in place of health.
Your melee attacks may debilitate your foes.
Your hexes are more powerful.
You are surrounded by an aura of silence.
Your touch may irresistibly damage your foes and sap their willpower.
You have razor-sharp toenails.
Your skin changes colour to match your surroundings (Stealth+).
Your flesh is almost immune to the effects of cold. (rC+++)
Your flesh is heat resistant. (rF+)
You have acidic saliva.
Armour fits poorly on your pseudopods.
You are covered in slimy tendrils that may disarm your opponents.
You have a small jelly attached to you that senses nearby items.


Message History

Your body decomposes!
You feel weakened.
Your hell beast bites the green draconian!
Your hell beast tramples the green draconian but does no damage.
You miss the Orb Guardian. The Orb Guardian hits your hell beast!
The Orb Guardian hits you!
* * * LOW HITPOINT WARNING * * *
The white draconian closely misses you.
Unknown command.
Something touches your hell beast!
Your hell beast bites the orb of fire!
Your hell beast closely misses the orb of fire.
The orb of fire glows deep purple.
The bolt of fire misses you.
Your hell beast bites the Orb Guardian!
Your hell beast barely misses the Orb Guardian.
The Orb Guardian hits your hell beast!!
The shadow demon gestures.
Send 'em back where they came from!
Your hell beast shudders. x3
The ancient lich gestures wildly while chanting.
The ancient lich flickers and vanishes!
Your hell beast bites the Orb Guardian!!
Your hell beast tramples the Orb Guardian but does no damage.
The white draconian breathes frost at you.
The blast of cold misses you.
The Orb Guardian closely misses your hell beast.
You pummel the Orb Guardian!!
The Orb Guardian decays.
The Orb Guardian is drained!
Your touch misses the Orb Guardian. You bludgeon the Orb Guardian.
The Orb Guardian is heavily wounded.
Your hell beast disappears in a puff of smoke!
The Orb Guardian hits your hell beast!!
Your hell beast bites the Orb Guardian but does no damage.
Your hell beast tramples the Orb Guardian.
The Orb Guardian stumbles backwards!
The red draconian hits your hell beast with a +0 short sword of venom!!
Your hell beast is poisoned.
You hear some strange, mumbled words.
A crystal spear appears from out of thin air!
The crystal spear hits you!!!
You die...

....X## #......§........# **,
...Ld☼## *#....X........## **,,
....*.1## #....2....^...# **,,,
..ddJd°.# ##...........## *,,,,
........# #..d........# #....
........# ##.2d22dX....## #....
q......^# #....X1d§^....# #....
X....^..# ##.X.*.........## #....
........#*#..{..z...*.....###...^
.......###...###########.§.###...
......##,...#* ##*.).##..
.......^,.##* ###...§J1
*********** #▓▓▓▓▓▓ ,,,,,,****
****,, ,,,,,,,,,*** ***,,,,,
,,,,,,,,,,,** **,,,,,,,
,,,,,,,,,,,,* ********* *,,,,,,,,


You could see 2 orbs of fire, a Tzitzimitl (summoned), a green draconian, 2
draconians, a white draconian (catching breath), a hell beast (summoned), 4 Orb
Guardians, a shadow demon (summoned) and 2 friendly hell beasts.

Vanquished Creatures
  3 dread liches
  3 orbs of fire
  Mara (Vaults:4)
  The ghost of Arzdou the Archmage, a legendary DEIE of Gozag (Zig:14)
  The ghost of Stil the Slayer, a legendary GrFi of Okawaru (Zig:14)
  Sojobo (Vaults:4)
  5 curse toes
  Xtahua (Crypt:2)
  Geryon (Hell)
  3 Killer Klowns
  A caustic shrike (Zig:9)
  Jory (Crypt:1)
  2 profane servitors (Abyss:6)
  10 golden dragons
  3 bone dragons
  A Hellbinder (WizLab)
  A pandemonium lord (Zig:1)
  A shard shrike zombie (Abyss:5)
  3 doom hounds (Crypt:2)
  A hellephant (Hell)
  An electric golem (Zot:5)
  21 tentacled monstrosities
  A tainted leviathan (Depths:1)
  11 Orb Guardians (Zot:5)
  Grunn (Crypt:2)
  2 deep elf master archers (Elf:3)
  A shard shrike skeleton (Abyss:5)
  12 quicksilver dragons
  4 deep elf blademasters
  3 liches
  Asterion (Vaults:1)
  2 titans
  11 tentacled starspawn
  A walking frostbound tome (Abyss:5)
  7 searing wretches
  A kraken (Shoals:4)
  4 ancient champions
  4 sphinxes
  16 storm dragons
  4 death cobs
  Agnes (D:14)
  6 tengu reavers
  Donald (Shoals:2)
  A thorn hunter (Zig:8)
  11 draconian monks
  8 revenants
  5 shadow dragons
  2 nagarajas (Zig:7)
  4 fire giants
  7 frost giants
  7 draconian knights
  4 balrugs
  4 ghost moths
  19 draconian scorchers
  2 caustic shrike zombies
  8 deep elf elementalists
  11 vault wardens
  6 deep elf sorcerers (Elf:3)
  4 iron dragons
  16 draconian annihilators
  4 curse skulls
  7 draconian stormcallers
  Louise (Depths:3)
  15 draconian shifters
  2 imperial myrmidons (Desolation)
  2 angels (Vaults:3)
  21 ironbound preservers
  5 reapers
  16 very ugly things
  A spriggan defender (Depths:3)
  8 stone giants
  12 ironbound thunderhulks
  10 deep elf annihilators
  17 vampire knights
  18 green draconians
  8 deep elf demonologists
  18 white draconians
  Nessos (Lair:4)
  2 eleionomae (Zig:8)
  3 putrid mouths
  2 lorocyprocas
  Azrael (D:12)
  A demonspawn black sun (WizLab)
  10 dire elephants
  19 black draconians
  22 red draconians
  15 yellow draconians
  26 purple draconians
  10 spark wasps
  3 ettins
  2 halazid warlocks (Desolation)
  3 blizzard demons
  2 crystal guardians (Desolation)
  4 deep elf death magi (Elf:3)
  An iron golem (Depths:1)
  9 merfolk javelineers
  10 eidola
  10 ragged hierophants (Desolation)
  4 deep elf high priests
  8 merfolk impalers
  13 jiangshi
  A green death (Depths:2)
  13 yaktaur captains
  An entropy weaver (Vaults:2)
  8 fire dragons
  An entropy weaver (shapeshifter) (Elf:2)
  9 servants of whispers (Desolation)
  5 quicksilver dragon skeletons (Crypt:1)
  Erolcha (D:13)
  4 hell beasts (WizLab)
  Harold (D:9)
  8 ice dragons
  3 salamander tyrants (Zig:7)
  An ogre mage (D:15)
  3 rakshasas
  13 peacekeepers (Desolation)
  8 hydras
  21 vault guards
  4 spriggan air magi
  An alligator (Zig:4)
  3 merfolk avatars
  15 centaur warriors
  An anaconda (shapeshifter) (Zig:11)
  An alligator snapping turtle (Shoals:4)
  3 ghost crabs
  12 ironbound frosthearts
  10 merfolk aquamancers
  An Orb Guardian zombie (Crypt:2)
  6 death yaks
  10 two-headed ogres
  8 deep troll earth magi
  12 deep troll shamans
  7 boulder beetles
  2 death knights
  38 dancing weapons
  A stoker (Hell)
  4 satyrs
  7 spriggan berserkers
  21 thrashing horrors
  A titan zombie (Crypt:3)
  13 deep elf knights
  14 vampire magi
  14 hell knights
  4 hell hogs (Volcano)
  5 orc high priests
  6 wretched stars
  An occultist (Depths:3)
  Urug (D:13)
  Nergalle (D:12)
  Amaemon (Lair:1)
  5 sun demons
  A storm dragon zombie (Crypt:3)
  11 soul eaters
  2 shadow wraiths (Crypt:3)
  12 iron trolls
  4 skysharks
  An iron troll (shapeshifter) (Zig:2)
  4 flayed ghosts
  3 fire crabs (Volcano)
  A sea snake (shapeshifter) (Depths:2)
  4 shadow demons
  A bunyip zombie (Crypt:3)
  36 skeletal warriors
  3 golden dragon zombies (Crypt:3)
  A death drake (shapeshifter) (Zig:11)
  12 sea snakes
  A death drake (Zig:13)
  4 swamp dragons
  A spriggan druid (Zig:8)
  2 orange crystal statues (Abyss:5)
  11 spriggan simulacra (IceCv)
  68 deep trolls
  24 lindwurms
  A naga ritualist (Zig:7)
  A lindwurm (shapeshifter) (Depths:4)
  10 deep elf archers
  6 arcanists
  43 starcursed masses
  A shadow dragon zombie (Crypt:1)
  18 necromancers
  20 deep elf zephyrmancers
  A jorogumo zombie (Crypt:3)
  An obsidian statue (IceCv)
  A bog body (IceCv)
  12 phantasmal warriors
  18 harpies
  18 ironbound convokers
  3 oklob plants (Lair:5)
  26 deep elf pyromancers
  A salamander (shapeshifter) (D:15)
  14 fauns
  36 ugly things
  An alligator skeleton (Hell)
  The ghost of Nico3ck the Basher, a novice DsGl (D:8)
  4 orc knights (Orc:2)
  5 orc sorcerers (Orc:2)
  A salamander (Zig:7)
  2 will-o-the-wisps
  10 large abominations
  26 moths of wrath
  14 cyclopes
  13 manticores
  An eleionoma skeleton (Crypt:2)
  4 guardian serpents
  6 merfolk sirens
  A shock serpent zombie (Crypt:3)
  Maurice (Orc:2)
  7 elephants
  10 rust devils
  A naga mage (Zig:7)
  2 ice statues (Hell)
  3 water nymphs
  5 torpor snails (Lair:5)
  An apocalypse crab (Abyss:5)
  A dire elephant zombie (Crypt:3)
  7 black mambas
  15 vault sentinels
  14 cane toads
  4 molten gargoyles (Desolation)
  7 smoke demons
  3 gargoyles
  A cane toad (shapeshifter) (Elf:2)
  A hellion (WizLab)
  2 unseen horrors
  23 yaktaurs
  4 orange demons
  A death yak zombie (Crypt:2)
  A dire elephant skeleton (Crypt:2)
  2 efreet (D:15)
  2 sea snake zombies (Hell)
  A steelbarb worm zombie (Crypt:1)
  5 kobold demonologists
  2 tormentors (Zig:9)
  An anaconda simulacrum (Hell)
  17 ice devils
  7 komodo dragons
  2 tengu conjurers (Depths:1)
  10 rime drakes
  6 freezing wraiths
  8 ancient zymes
  3 polar bears
  32 merfolk
  3 hydra zombies (Hell)
  A red devil (WizLab)
  13 trolls
  15 hornets
  A hellwing (WizLab)
  9 wind drakes
  A meliai (D:13)
  An alligator simulacrum (Hell)
  18 blink frogs
  68 saltlings (Desolation)
  7 snapping turtles
  4 tyrant leeches
  15 dream sheep
  7 raiju
  5 spriggan zombies
  A hydra skeleton (Hell)
  A jumping spider (Vaults:2)
  2 culicivoras (Lair:2)
  An ettin zombie (Crypt:3)
  An air elemental (Elf:1)
  4 fire dragon skeletons
  5 spriggans
  A centaur simulacrum (D:14)
  8 wraiths
  7 wyverns
  A dire elephant simulacrum (IceCv)
  A human (shapeshifter) (D:13)
  21 water elementals
  4 ynoxinuls
  33 yaks
  22 vampires
  2 basilisks
  6 fire bats (Volcano)
  5 fire elementals
  4 chaos spawn
  8 steam dragons
  An alligator snapping turtle simulacrum (Hell)
  10 minotaur simulacra (IceCv)
  A redback (Vaults:2)
  4 vampire mosquitoes
  9 neqoxecs
  A spatial vortex (Abyss:6)
  A naga (Abyss:5)
  A glowing shapeshifter zombie (Crypt:2)
  2 wargs (Orc:2)
  4 acid dragons
  A fire bat skeleton (Crypt:2)
  5 small abominations
  A two-headed ogre zombie (Crypt:2)
  A harpy simulacrum (IceCv)
  A two-headed ogre skeleton (Hell)
  11 water moccasins
  3 hydra simulacra
  7 hell hounds
  8 swamp drakes
  23 orc warriors
  2 black bears
  3 ice beasts
  A sky beast (D:7)
  2 ettin simulacra (IceCv)
  An elephant zombie (Crypt:1)
  14 wolves
  6 boggarts
  5 ogres
  A phantom (D:7)
  10 centaurs
  An elf zombie (Ossuary)
  9 kobold brigands
  A fire crab zombie (Crypt:2)
  A bullfrog (shapeshifter) (Zig:5)
  9 bullfrogs
  2 gnoll sergeants
  8 deep troll simulacra (IceCv)
  6 earth elementals
  8 wights
  A cyclops skeleton (Crypt:1)
  2 lindwurm simulacra (IceCv)
  7 killer bees (D:8)
  A raiju skeleton (Crypt:1)
  An electric eel (Lair:4)
  3 howler monkeys
  2 human zombies (Ossuary)
  13 orc priests
  A jelly (Shoals:4)
  A human skeleton (Crypt:2)
  Crazy Yiuf (D:4)
  A basilisk skeleton (Crypt:1)
  6 iguanas
  15 orc wizards
  2 sleepcaps
  10 hell rats
  A hound zombie (Ossuary)
  4 mummies (Ossuary)
  5 gnolls (D:7)
  8 adders
  A river rat (Sewer)
  A shadow imp (D:4)
  2 white imps
  An ufetubus (D:5)
  2 worms (Sewer)
  A dart slug (D:2)
  39 orcs
  A bat (D:1)
  A bat skeleton (Crypt:1)
  5 giant cockroaches
  A gnoll zombie (Ossuary)
  2 goblins
  7 hobgoblins
  2 jackals (D:1)
  6 quokkas
  11 ball pythons
  A frilled lizard (D:1)
  A gnoll skeleton (Crypt:3)
  A goblin zombie (Ossuary)
  2 hobgoblin zombies (Ossuary)
  A jackal zombie (Ossuary)
  18 kobolds
  2 kobold zombies (Ossuary)
  An orc zombie (Ossuary)
  11 rats
  A rat skeleton (Crypt:3)
  2 lurking horrors (Abyss:5)
  A spectral weapon (Vaults:1)
  6 starspawn tentacles (Abyss:5)
  7 tentacles
2412 creatures vanquished.

Vanquished Creatures (collateral kills)
  A juggernaut (Depths:2)
  A kraken (Shoals:1)
  A stone giant (Depths:2)
  A deep elf annihilator (Elf:3)
  A fire dragon (Lair:5)
  A large abomination (Depths:4)
  A shadow (D:10)
  2 chaos spawn (WizLab)
  A steam dragon (D:6)
  4 starcursed masses (Depths:4)
  A water moccasin (D:6)
  An orc wizard (D:6)
  An orc (D:6)
17 creatures vanquished.

Vanquished Creatures (others)
  An ancient lich (Zig:11)
  Mennas (Vaults:4)
  A tentacled monstrosity (Zot:4)
  An acid blob (Abyss:5)
  An eldritch tentacle (Zig:14)
  A sphinx (Vaults:2)
  A tengu reaver (Vaults:3)
  2 shadow dragons (Zig:14)
  2 formless jellyfish
  A deep elf sorcerer (Elf:3)
  2 draconian knights
  An ironbound preserver (Vaults:1)
  A demonspawn black sun (Zig:14)
  A yellow draconian (Zot:4)
  4 dire elephants (Vaults:2)
  An ettin (Vaults:2)
  A shambling mangrove (Zig:8)
  An ogre mage (Vaults:2)
  7 great orbs of eyes
  A hydra (D:13)
  An anaconda (shapeshifter) (Depths:2)
  An ironbound frostheart (Vaults:2)
  A two-headed ogre (D:13)
  A merfolk avatar (Shoals:2)
  An alligator snapping turtle (Abyss:5)
  A demonic crawler (Abyss:5)
  2 soul eaters (Zig:14)
  2 thrashing horrors (Abyss:5)
  4 deep elf knights
  A sea snake (Shoals:4)
  A sixfirhy (Abyss:5)
  A deep troll (Vaults:2)
  4 glowing orange brains
  An ironbound convoker (Vaults:2)
  A flayed ghost (Abyss:5)
  2 arcanists
  A steelbarb worm (shapeshifter) (Vaults:2)
  An alligator zombie (Hell)
  2 large abominations
  2 deep elf pyromancers (Abyss:5)
  A deep elf zephyrmancer (Abyss:5)
  3 ugly things (Vaults:2)
  3 shining eyes (Abyss:5)
  2 harpies (Vaults:3)
  3 vault sentinels
  A merfolk siren (Abyss:5)
  A smoke demon (Abyss:5)
  2 rime drakes
  A yaktaur (Vaults:3)
  A merfolk (Abyss:5)
  2 saltlings (Desolation)
  5 raiju (Abyss:5)
  A blink frog (Abyss:5)
  23 slime creatures
  2 dream sheep (Shoals:4)
  A slime creature (shapeshifter) (Depths:2)
  A golden eye (shapeshifter) (Elf:1)
  A snapping turtle (Zig:10)
  A spriggan (Zig:8)
  A fire bat (Volcano)
  2 water elementals
  3 steam dragons (Zig:13)
  A spatial vortex (Abyss:5)
  A black bear (D:5)
  3 small abominations (Abyss:5)
  4 boggarts
  3 centaurs (D:13)
  An elf zombie (Crypt:3)
  A bullfrog (Lair:3)
  306 jellies
  2 orc wizards
  A hell rat (Hell)
  An adder (D:5)
  An ufetubus (D:5)
  10 orcs
  2 endoplasms (Sewer)
  A jackal (D:4)
  A quokka (D:2)
  3 training dummies (D:8)
  A ball python (D:4)
  A giant cockroach zombie (Crypt:1)
  4 kobolds
  A rat (Sewer)
  3 butterflies
  A creeping inferno (Hell)
  10 foxfires (Abyss:5)
  A lurking horror (Abyss:6)
  31 starspawn tentacles
  20 tentacles
539 creatures vanquished.

Grand Total: 2968 creatures vanquished

Notes
Turn   | Place    | Note
-------+----------+-------------------------------------------
     0 | D:1      | Arzdou the Demonspawn Shapeshifter began the quest for the
                  | Orb.
     0 | D:1      | Reached XP level 1. HP: 15/15 MP: 1/1
   130 | D:1      | Reached skill level 3 in Shapeshifting
   166 | D:1      | Gained mutation: You sometimes gain a little power by
                  | taking damage. [demonic ancestry]
   166 | D:1      | Reached XP level 2. HP: 18/21 MP: 2/2
   847 | D:2      | Found a faded altar of an unknown god.
   856 | D:2      | Prayed at the altar of an unknown god.
   856 | D:2      | Became a worshipper of Jiyva Jonwosko the Shapeless
   856 | D:2      | Reached * piety under Jiyva
   916 | D:2      | Found the +4 robe of Augmentation {Str+4 Int+4 Dex+4}
  1065 | D:2      | Gained mutation: You are partially covered in icy blue
                  | scales. (AC +2) [demonic ancestry]
  1065 | D:2      | Reached XP level 3. HP: 26/26 MP: 3/3
  1194 | D:2      | Reached ** piety under Jiyva
  1242 | D:2      | Found Kuho Xezuo's Jewellery Shoppe.
  1621 | D:3      | Reached skill level 4 in Shapeshifting
  1830 | D:3      | Gained mutation: Your touch may inflict minor irresistible
                  | damage on your foes. [demonic ancestry]
  1830 | D:3      | Reached XP level 4. HP: 32/32 MP: 4/4
  2145 | D:4      | Noticed a water moccasin
  2167 | D:4      | Reached *** piety under Jiyva
  2167 | D:4      | Gained mutation: Your body has grown eyes which may confuse
                  | attackers. (Acc +3) [Jiyva's grace]
  2167 | D:4      | Gained mutation: Your body has grown many eyes which may
                  | confuse attackers. (Acc +5) [Jiyva's grace]
  2167 | D:4      | Gained mutation: Your body is covered in eyes which may
                  | confuse attackers. (Acc +7, SInv) [Jiyva's grace]
  2167 | D:4      | Gained mutation: Your muscles are strong. (Str +4, Int/Dex
                  | -1) [Jiyva's grace]
  2186 | D:4      | Noticed an ogre
  2202 | D:4      | Killed an ogre
  2203 | D:4      | Reached skill level 5 in Shapeshifting
  2203 | D:4      | Gained mutation: Your touch may inflict irresistible damage
                  | on your foes. [demonic ancestry]
  2203 | D:4      | Reached XP level 5. HP: 37/37 MP: 5/5
  2345 | D:4      | Found Holoatho's Assorted Antiques.
  2387 | D:4      | Killed a water moccasin
  2388 | D:4      | Reached skill level 6 in Shapeshifting
  2388 | D:4      | Gained mutation: Your touch may irresistibly damage your
                  | foes and sap their willpower. [demonic ancestry]
  2388 | D:4      | Reached XP level 6. HP: 43/43 MP: 6/6
  2497 | D:4      | Found a sparkling altar of Nemelex Xobeh.
  2671 | D:4      | Found a runed translucent door.
  2672 | D:4      | Noticed Crazy Yiuf
  2810 | D:4      | Killed Crazy Yiuf
  2837 | D:5      | Entered Level 5 of the Dungeon
  2847 | D:5      | Reached **** piety under Jiyva
  2899 | D:5      | Found a glowing drain.
  2920 | Sewer    | Entered a sewer
  3005 | Sewer    | Reached XP level 7. HP: 44/48 MP: 7/7
  3040 | Sewer    | Reached skill level 7 in Shapeshifting
  3411 | Sewer    | Reached skill level 8 in Shapeshifting
  3529 | D:5      | Reached ***** piety under Jiyva
  3570 | D:5      | Found a staircase to the Ecumenical Temple.
  3582 | D:5      | Gained mutation: Armour fits poorly on your pseudopods.
                  | [Jiyva's grace]
  3582 | D:5      | Gained mutation: Armour fits poorly on your large
                  | pseudopods. [Jiyva's grace]
  3582 | D:5      | Gained mutation: Armour fits poorly on your massive
                  | pseudopods. [Jiyva's grace]
  3582 | D:5      | Gained mutation: Your rubbery body absorbs attacks. (AC +1,
                  | EV +1) [Jiyva's grace]
  4923 | D:6      | Reached XP level 8. HP: 46/54 MP: 8/8
  4965 | D:6      | Reached skill level 9 in Shapeshifting
  5239 | D:6      | Found a burning altar of Makhleb.
  5491 | D:7      | Found a broken altar of Ashenzari.
  5672 | D:7      | Reached ****** piety under Jiyva
  5680 | D:7      | Lost mutation: Your muscles are strong. (Str +4, Int/Dex
                  | -1) [Jiyva's grace]
  5680 | D:7      | Lost mutation: Your body is covered in eyes which may
                  | confuse attackers. (Acc +7, SInv) [Jiyva's grace]
  5680 | D:7      | Lost mutation: Armour fits poorly on your massive
                  | pseudopods. [Jiyva's grace]
  5680 | D:7      | Gained mutation: Your natural rate of healing is unusually
                  | fast. [Jiyva's grace]
  5680 | D:7      | Gained mutation: You heal very quickly. [Jiyva's grace]
  5680 | D:7      | Gained mutation: You regenerate. [Jiyva's grace]
  5680 | D:7      | Gained mutation: You have a small jelly attached to you
                  | that may absorb projectiles. [Jiyva's grace]
  5787 | D:7      | Found a sacrificial altar of Ru.
  5828 | D:7      | Identified the +0 robe of the Cockroach {rF+ Regen+ Str-4
                  | Dex+5}
  5842 | D:7      | Found a sand-covered staircase.
  5851 | Ossuary  | Entered an ossuary
  5866 | Ossuary  | Gained mutation: You sometimes gain power by taking damage.
                  | [demonic ancestry]
  5866 | Ossuary  | Reached XP level 9. HP: 64/64 MP: 9/9
  6509 | D:8      | Reached skill level 5 in Unarmed Combat
  6614 | D:8      | Found Ren Tikk's Firing Range.
  6643 | D:8      | Reached skill level 5 in Fighting
  6674 | D:8      | Bought a +0 hand cannon of flaming for 124 gold pieces
  6707 | D:8      | Reached skill level 5 in Dodging
  6749 | D:8      | Found a staircase to the Lair.
  6796 | D:8      | Found a runed translucent gate.
  6796 | D:8      | Found a runed translucent gate.
  6796 | D:8      | Found a runed translucent gate.
  6796 | D:8      | Noticed a white ugly thing
  6797 | D:8      | Noticed Nico3ck's ghost (novice DsGl)
  6981 | D:8      | Identified the +8 trident "Arzdou's Doom" {flame, Will+
                  | Int+3 Dex-4 SInv}
  7285 | D:9      | Gained mutation: Your hexes are more powerful. [demonic
                  | ancestry]
  7285 | D:9      | Reached XP level 10. HP: 74/76 MP: 10/10
  7576 | D:9      | Noticed Harold
  7583 | D:9      | Killed Harold
  7696 | D:9      | Found a staircase to the Orcish Mines.
  7867 | D:9      | Lost mutation: Your rubbery body absorbs attacks. (AC +1,
                  | EV +1) [Jiyva's grace]
  7867 | D:9      | Gained mutation: Your flesh is cold resistant. (rC+)
                  | [Jiyva's grace]
  7867 | D:9      | Gained mutation: Your flesh is very cold resistant. (rC++)
                  | [Jiyva's grace]
  7867 | D:9      | Gained mutation: Your flesh is almost immune to the effects
                  | of cold. (rC+++) [Jiyva's grace]
  7867 | D:9      | Gained mutation: You are covered in slimy tendrils that may
                  | disarm your opponents. [Jiyva's grace]
  7889 | D:10     | Identified the "Mutolal"
  7889 | D:10     | Entered Level 10 of the Dungeon
  7957 | D:10     | Noticed a two-headed ogre
  7965 | D:10     | Killed a two-headed ogre
  7991 | D:10     | Found a hazy altar of Hepliaklqana.
  8003 | D:10     | Found Apsuib's Assorted Antiques.
  8067 | D:10     | Found a shimmering blue altar of Sif Muna.
  8254 | D:10     | Noticed a two-headed ogre
  8263 | D:10     | Killed a two-headed ogre
  8468 | D:10     | Found a radiant altar of Vehumet.
  8468 | D:10     | Found an ornate altar of the Wu Jian Council.
  8469 | D:10     | Found an iron altar of Okawaru.
  8678 | D:11     | Found a shimmering altar of Xom.
  8687 | D:11     | Found a shimmering altar of Xom.
  8687 | D:11     | Found a shimmering altar of Xom.
  8730 | D:11     | Found a shimmering altar of Xom.
  8730 | D:11     | Found a shimmering altar of Xom.
  8735 | D:11     | Found a shimmering altar of Xom.
  8768 | D:11     | Noticed a two-headed ogre
  8774 | D:11     | Killed a two-headed ogre
  8775 | D:11     | Reached XP level 11. HP: 70/86 MP: 11/11
  8881 | D:11     | Noticed a two-headed ogre
  8889 | D:11     | Killed a two-headed ogre
  8974 | D:11     | Identified the +5 rapier of Generosity {antimagic, Dex+4}
  9086 | D:11     | Noticed a sixfirhy
  9115 | D:11     | Noticed a sun demon
  9215 | D:11     | Paralysed by a hornet for 2 turns
  9354 | D:12     | Identified the "Gef Milu"
  9354 | Lair:1   | Entered Level 1 of the Lair of Beasts
  9507 | Lair:1   | Lost mutation: Your flesh is almost immune to the effects
                  | of cold. (rC+++) [Jiyva's grace]
  9507 | Lair:1   | Lost mutation: You regenerate. [Jiyva's grace]
  9507 | Lair:1   | Lost mutation: Armour fits poorly on your large pseudopods.
                  | [Jiyva's grace]
  9507 | Lair:1   | Gained mutation: Your melee attacks may engulf your foes in
                  | ooze. [Jiyva's grace]
  9507 | Lair:1   | Gained mutation: You possess an exceptional clarity of
                  | mind. [Jiyva's grace]
  9507 | Lair:1   | Gained mutation: You are agile. (Dex +4, Str/Int -1)
                  | [Jiyva's grace]
  9507 | Lair:1   | Gained mutation: You are very agile. (Dex +8, Str/Int -2)
                  | [Jiyva's grace]
  9628 | Lair:1   | Noticed Amaemon
  9646 | Lair:1   | Killed Amaemon
 10500 | Lair:2   | Found a staircase to the Shoals.
 10576 | Lair:2   | Reached skill level 10 in Fighting
 10578 | Lair:2   | Gained mutation: You are mostly covered in icy blue scales.
                  | (AC +3) [demonic ancestry]
 10578 | Lair:2   | Reached XP level 12. HP: 97/97 MP: 12/12
 10788 | Lair:2   | Lost mutation: You are very agile. (Dex +8, Str/Int -2)
                  | [Jiyva's grace]
 10788 | Lair:2   | Lost mutation: Your flesh is very cold resistant. (rC++)
                  | [Jiyva's grace]
 10788 | Lair:2   | Lost mutation: Armour fits poorly on your pseudopods.
                  | [Jiyva's grace]
 10788 | Lair:2   | Lost mutation: Your melee attacks may engulf your foes in
                  | ooze. [Jiyva's grace]
 10788 | Lair:2   | Gained mutation: You are robust. (+10% HP) [Jiyva's grace]
 10788 | Lair:2   | Gained mutation: You are very robust. (+20% HP) [Jiyva's
                  | grace]
 10788 | Lair:2   | Gained mutation: You are extremely robust. (+30% HP)
                  | [Jiyva's grace]
 10788 | Lair:2   | Gained mutation: Your spells are a little harder to cast,
                  | but a little more powerful. [Jiyva's grace]
 10812 | Lair:2   | Found a hole to the Spider Nest.
 11330 | Lair:3   | Reached skill level 10 in Unarmed Combat
 11587 | Lair:3   | Reached skill level 10 in Dodging
 11710 | Lair:3   | Noticed a death yak
 11711 | Lair:3   | Noticed a five-headed hydra
 11724 | Lair:3   | Killed a five-headed hydra
 11733 | Lair:3   | Killed a death yak
 12361 | Lair:4   | Noticed a seven-headed hydra
 12370 | Lair:4   | Killed a seven-headed hydra
 12386 | Lair:4   | Lost mutation: Your spells are a little harder to cast, but
                  | a little more powerful. [Jiyva's grace]
 12386 | Lair:4   | Lost mutation: Your body has grown many eyes which may
                  | confuse attackers. (Acc +5) [Jiyva's grace]
 12386 | Lair:4   | Lost mutation: You have a small jelly attached to you that
                  | may absorb projectiles. [Jiyva's grace]
 12386 | Lair:4   | Gained mutation: Your body has grown many eyes which may
                  | confuse attackers. (Acc +5) [Jiyva's grace]
 12386 | Lair:4   | Gained mutation: Your body is covered in eyes which may
                  | confuse attackers. (Acc +7, SInv) [Jiyva's grace]
 12386 | Lair:4   | Gained mutation: You expend magic power (3 MP) to
                  | strengthen your wands. [Jiyva's grace]
 12386 | Lair:4   | Gained mutation: You are very agile. (Dex +8, Str/Int -2)
                  | [Jiyva's grace]
 12427 | Lair:4   | Noticed a death yak
 12427 | Lair:4   | Noticed a death yak
 12427 | Lair:4   | Noticed a death yak
 12427 | Lair:4   | Noticed an eight-headed hydra
 12432 | Lair:4   | Noticed a death yak
 12433 | Lair:4   | Noticed a death yak
 12445 | Lair:3   | Killed a death yak
 12453 | Lair:3   | Killed a death yak
 12493 | Lair:4   | Noticed Nessos
 12502 | Lair:4   | Gained mutation: You regenerate magic rapidly. [demonic
                  | ancestry]
 12502 | Lair:4   | Reached XP level 13. HP: 139/139 MP: 13/13
 12506 | Lair:4   | Killed Nessos
 12984 | Lair:4   | Identified the +2 helmet of Eghya {*Corrode rF- Will+++
                  | SInv}
 13334 | Lair:5   | Identified the "Zoatyatoss"
 13334 | Lair:5   | Entered Level 5 of the Lair of Beasts
 13855 | Lair:5   | Found a dark tunnel.
 13862 | Volcano  | Entered a volcano
 13873 | Volcano  | Reached XP level 14. HP: 149/153 MP: 14/14
 13920 | Volcano  | Found a large runed translucent door.
 13923 | Volcano  | Found a large runed translucent door.
 13923 | Volcano  | Found a large runed translucent door.
 13940 | Volcano  | Found a large runed translucent door.
 13940 | Volcano  | Found a large runed translucent door.
 13945 | Volcano  | Found a large runed translucent door.
 13968 | Volcano  | Found a large runed translucent door.
 13968 | Volcano  | Found a large runed translucent door.
 13970 | Volcano  | Found a large runed translucent door.
 13975 | Volcano  | Found a large runed translucent door.
 14000 | Volcano  | Found a large runed translucent door.
 14000 | Volcano  | Found a large runed translucent door.
 14018 | Volcano  | Found a large runed translucent door.
 14018 | Volcano  | Found a large runed translucent door.
 14043 | Volcano  | Learned a level 3 spell: Confusing Touch
 14053 | Volcano  | Found a large runed translucent door.
 14059 | Volcano  | Found a large runed translucent door.
 14085 | Volcano  | Found a large runed translucent door.
 14085 | Volcano  | Found a large runed translucent door.
 14092 | Volcano  | Reached skill level 1 in Spellcasting
 14092 | Volcano  | Reached skill level 1 in Hexes
 14311 | Lair:5   | Found a viscous altar of Jiyva.
 14313 | Lair:5   | Found a staircase to the Slime Pits.
 14365 | Vaults:3 | Identified the "Gankeaxe"
 14365 | Desolati | Identified the of Tuyteyzu
 14365 | Desolati | Identified the "Gossog"
 14365 | Desolati | Identified the "Zaexkeir"
 14365 | WizLab   | Identified the "Quoryimpob"
 14365 | WizLab   | Identified the "Lysuimod"
 14365 | Depths:1 | Identified the of Taeh
 14365 | Elf:3    | Identified the of Dudoew
 14365 | Slime:1  | Entered Level 1 of the Pits of Slime
 14375 | Slime:1  | Noticed an azure jelly
 14376 | Slime:1  | Noticed an acid blob
 14408 | Slime:1  | Noticed an acid blob
 14454 | Slime:1  | Noticed a rockslime
 14461 | Slime:2  | Noticed a rockslime
 14470 | Slime:2  | Noticed a rockslime
 14474 | Slime:2  | Noticed an azure jelly
 14477 | Slime:2  | Noticed an azure jelly
 14488 | Slime:5  | Identified the "Giplatt"
 14488 | Slime:5  | Identified the of Zehedebo
 14488 | Slime:5  | Entered Level 5 of the Pits of Slime
 14490 | Slime:5  | Noticed a quicksilver ooze
 14502 | Slime:5  | Noticed an acid blob
 14535 | Slime:5  | Noticed an acid blob
 14547 | Slime:5  | Noticed a formless jellyfish
 14550 | Slime:5  | Noticed a formless jellyfish
 14551 | Slime:5  | Noticed a formless jellyfish
 14557 | Slime:5  | Got a slimy rune of Zot
 14562 | Slime:5  | Noticed a rockslime
 14565 | Slime:5  | Identified the staff "Goblinslayer" {Fly rElec rCorr Str-4
                  | Stlth+ Air}
 14565 | Slime:5  | Noticed a rockslime
 14573 | Slime:5  | Identified the +10 whip of Bodily Harmony {heavy, Drain
                  | rC+++ rCorr Str-3}
 14576 | Slime:5  | Noticed an acid blob
 14579 | Slime:5  | Learned a level 2 spell: Wereblood
 14603 | Slime:5  | Noticed an azure jelly
 14613 | Slime:5  | Noticed an azure jelly
 14614 | Slime:5  | Found a viscous altar of Jiyva.
 14614 | Slime:5  | Noticed a quicksilver ooze
 14617 | Slime:5  | Noticed the Royal Jelly
 14624 | Slime:5  | Identified the staff of a Labyrinth {rF+ rCorr Str+2 Earth}
 14625 | Slime:5  | Noticed a quicksilver ooze
 14626 | Slime:5  | Noticed a quicksilver ooze
 14660 | Slime:5  | Noticed an acid blob
 14687 | Slime:5  | Noticed a quicksilver ooze
 14785 | Slime:5  | Noticed an azure jelly
 14792 | Slime:5  | Noticed an acid blob
 14813 | Slime:3  | Noticed an acid blob
 14815 | Slime:3  | Noticed a formless jellyfish
 14823 | Slime:1  | Noticed a rockslime
 15133 | Lair:5   | Found a runed translucent door.
 15150 | Lair:5   | Lost mutation: You heal very quickly. [Jiyva's grace]
 15150 | Lair:5   | Lost mutation: You are covered in slimy tendrils that may
                  | disarm your opponents. [Jiyva's grace]
 15150 | Lair:5   | Gained mutation: You have a small jelly attached to you
                  | that senses nearby items. [Jiyva's grace]
 15150 | Lair:5   | Gained mutation: You have a beak for a mouth. [Jiyva's
                  | grace]
 15150 | Lair:5   | Gained mutation: Your translucent skin slightly reduces
                  | your foes' accuracy. (Stealth+) [Jiyva's grace]
 15150 | Lair:5   | Gained mutation: Your translucent skin reduces your foes'
                  | accuracy. (Stealth+) [Jiyva's grace]
 15293 | Lair:5   | Identified the +11 falchion of Uskayaw, Destroying {pain,
                  | Will+ Dex+2}
 15360 | Lair:5   | Identified a scroll of acquirement
 15360 | Lair:5   | Acquired 1145 gold pieces
 15575 | D:2      | Bought an amulet of regeneration for 330 gold pieces
 15748 | Orc:1    | Entered Level 1 of the Orcish Mines
 15761 | Orc:1    | Found Usosanupp's General Store.
 15965 | Orc:1    | Reached skill level 5 in Hexes
 15965 | Orc:1    | Reached skill level 1 in Transmutations
 16036 | Orc:2    | Entered Level 2 of the Orcish Mines
 16136 | Orc:2    | Noticed Maurice
 16148 | Orc:2    | Maurice stole a ring of magical power
 16151 | Orc:2    | Killed Maurice
 16152 | Orc:2    | Reached skill level 5 in Spellcasting
 16223 | Orc:2    | Found a staircase to the Elven Halls.
 16257 | Orc:2    | Found Kuatrihoell's General Store.
 16347 | Orc:2    | Reached skill level 5 in Transmutations
 16376 | Orc:2    | Found Vatza Mue's Weapon Emporium.
 16383 | Orc:2    | Found Mygariank's Weapon Emporium.
 16385 | Orc:2    | Found Viur's Assorted Antiques.
 16496 | Orc:2    | Found a transporter.
 16499 | Orc:2    | Noticed MirrMurr's ghost (adept SpHu)
 16513 | Orc:2    | Found a transporter.
 16684 | Orc:2    | Bought a scroll of identify for 24 gold pieces
 16839 | D:8      | Killed Nico3ck's ghost
 16981 | D:12     | Noticed Azrael
 17007 | D:12     | Killed Azrael
 17156 | D:12     | Noticed Nergalle
 17165 | D:12     | Killed Nergalle
 17192 | D:12     | Gained mutation: When hurt, damage is shared between your
                  | health and your magic reserves. [demonic ancestry]
 17192 | D:12     | Reached XP level 15. HP: 161/161 MP: 22/22
 17379 | D:12     | Reached skill level 10 in Shapeshifting
 17901 | D:13     | Reached skill level 11 in Shapeshifting
 17961 | D:13     | Noticed Rupert
 18204 | D:13     | Slimified Rupert
 18204 | D:13     | Rupert changed into Rupert the acid blob
 18204 | D:13     | Noticed Rupert
 18257 | D:13     | Noticed Erolcha
 18258 | D:13     | Noticed Urug
 18274 | D:13     | Killed Erolcha
 18298 | D:13     | Killed Urug
 18348 | D:13     | Lost mutation: You have a beak for a mouth. [Jiyva's grace]
 18348 | D:13     | Lost mutation: You are very agile. (Dex +8, Str/Int -2)
                  | [Jiyva's grace]
 18348 | D:13     | Lost mutation: You are extremely robust. (+30% HP) [Jiyva's
                  | grace]
 18348 | D:13     | Lost mutation: You are very robust. (+20% HP) [Jiyva's
                  | grace]
 18348 | D:13     | Gained mutation: Armour fits poorly on your pseudopods.
                  | [Jiyva's grace]
 18348 | D:13     | Gained mutation: Armour fits poorly on your large
                  | pseudopods. [Jiyva's grace]
 18348 | D:13     | Gained mutation: Armour fits poorly on your massive
                  | pseudopods. [Jiyva's grace]
 18348 | D:13     | Gained mutation: You have a pair of small horns on your
                  | head. [Jiyva's grace]
 18387 | D:13     | Reached skill level 12 in Shapeshifting
 18408 | D:13     | You fall into a shaft and drop 1 floor!
 18450 | D:14     | Noticed Agnes
 18461 | D:14     | Killed Agnes
 18712 | D:14     | Found Pasah's Jewellery Shoppe.
 18922 | D:14     | Found Qakaonuw's Overcharged Wands.
 19205 | D:13     | Found a gate to the Vaults.
 19374 | D:15     | Entered Level 15 of the Dungeon
 19394 | D:15     | Reached skill level 13 in Shapeshifting
 19410 | D:15     | Identified the +7 spear "Viecucif" {venom, Fragile rN+
                  | Stlth+}
 19464 | D:15     | Found a staircase to the Depths.
 19639 | D:15     | Gained mutation: You are completely covered in icy blue
                  | scales. (AC +4, rC+) [demonic ancestry]
 19639 | D:15     | Reached XP level 16. HP: 138/144 MP: 23/23
 20052 | Shoals:1 | Entered Level 1 of the Shoals
 20059 | Shoals:1 | Lost mutation: You possess an exceptional clarity of mind.
                  | [Jiyva's grace]
 20059 | Shoals:1 | Lost mutation: Your body is covered in eyes which may
                  | confuse attackers. (Acc +7, SInv) [Jiyva's grace]
 20059 | Shoals:1 | Lost mutation: You have a small jelly attached to you that
                  | senses nearby items. [Jiyva's grace]
 20059 | Shoals:1 | Gained mutation: You are very robust. (+20% HP) [Jiyva's
                  | grace]
 20059 | Shoals:1 | Gained mutation: You are extremely robust. (+30% HP)
                  | [Jiyva's grace]
 20059 | Shoals:1 | Gained mutation: You have hidden genetic potential.
                  | [Jiyva's grace]
 20059 | Shoals:1 | Gained mutation: You have great hidden genetic potential.
                  | [Jiyva's grace]
 20083 | Shoals:1 | Reached skill level 14 in Shapeshifting
 20115 | Shoals:1 | Noticed a kraken
 20140 | Shoals:1 | Killed a kraken
 20421 | D:14     | Bought a ring of flight for 175 gold pieces
 20540 | D:12     | Found a corrupted altar of Lugonu.
 21552 | Shoals:2 | Reached skill level 15 in Shapeshifting
 21685 | Shoals:2 | Found Miyniof's Jewellery Boutique.
 22138 | Shoals:3 | Noticed Nikola
 22150 | Shoals:3 | Slimified Nikola
 22150 | Shoals:3 | Nikola changed into Nikola the azure jelly
 22150 | Shoals:3 | Noticed Nikola
 22301 | Shoals:3 | Noticed Donald
 22310 | Shoals:2 | Killed Donald
 22325 | Shoals:3 | Reached skill level 16 in Shapeshifting
 22381 | Shoals:3 | Reached skill level 1 in Evocations
 22452 | Shoals:3 | Lost mutation: Armour fits poorly on your massive
                  | pseudopods. [Jiyva's grace]
 22452 | Shoals:3 | Lost mutation: You expend magic power (3 MP) to strengthen
                  | your wands. [Jiyva's grace]
 22452 | Shoals:3 | Gained mutation: Armour fits poorly on your massive
                  | pseudopods. [Jiyva's grace]
 22452 | Shoals:3 | Gained mutation: You have a small jelly attached to you
                  | that senses nearby items. [Jiyva's grace]
 22452 | Shoals:3 | Gained mutation: You have sharp toenails. [Jiyva's grace]
 22452 | Shoals:3 | Gained mutation: You have razor-sharp toenails. [Jiyva's
                  | grace]
 23000 | Shoals:4 | Entered Level 4 of the Shoals
 23043 | Shoals:4 | Noticed a kraken
 23048 | Shoals:4 | Found a frozen archway.
 23061 | IceCv    | Entered an ice cave
 23299 | IceCv    | Identified the +8 ice dragon scales "Vuos" {rF- rC++ rCorr
                  | Str+3 Int+3 Stlth+}
 23300 | IceCv    | Identified the +3 pair of boots of the Blacksmith {-Tele
                  | rElec Int+8 Dex-3}
 23464 | IceCv    | Reached XP level 17. HP: 179/179 MP: 24/24
 23807 | Shoals:4 | HP: 1/179 [faun/+0 quarterstaff (82)]
 23817 | Shoals:4 | Gained mutation: You have supernaturally acute eyesight.
                  | (SInv) [hidden potential]
 24280 | Shoals:4 | Identified the ring of Mistrust {rF+ Int+2 Slay+3 Stlth+}
 24421 | Shoals:4 | Identified the ring of Joajicsaakk {Wiz Stlth+}
 24550 | Shoals:4 | Lost mutation: You have a pair of small horns on your head.
                  | [Jiyva's grace]
 24550 | Shoals:4 | Lost mutation: Your body has grown many eyes which may
                  | confuse attackers. (Acc +5) [Jiyva's grace]
 24550 | Shoals:4 | Lost mutation: Armour fits poorly on your massive
                  | pseudopods. [Jiyva's grace]
 24550 | Shoals:4 | Lost mutation: Your translucent skin reduces your foes'
                  | accuracy. (Stealth+) [Jiyva's grace]
 24550 | Shoals:4 | Gained mutation: Your spells are a little harder to cast,
                  | but a little more powerful. [Jiyva's grace]
 24550 | Shoals:4 | Gained mutation: Your spells are harder to cast, but more
                  | powerful. [Jiyva's grace]
 24550 | Shoals:4 | Gained mutation: Your spells are much harder to cast, but
                  | much more powerful. [Jiyva's grace]
 24550 | Shoals:4 | Gained mutation: You have a pair of small antennae on your
                  | head. [Jiyva's grace]
 24590 | Shoals:4 | Killed a kraken
 24861 | Shoals:4 | Reached skill level 5 in Evocations
 24909 | Shoals:4 | HP: 4/180 [merfolk javelineer/silver javelin (9)]
 24992 | Shoals:4 | Got a barnacled rune of Zot
 25361 | D:10     | Bought a scroll of identify for 42 gold pieces
 25442 | Orc:2    | Bought a potion of haste for 280 gold pieces
 25442 | Orc:2    | Bought 2 scrolls of teleportation for 168 gold pieces
 25442 | Orc:2    | Bought a scroll of blinking for 210 gold pieces
 25442 | Orc:2    | Bought a scroll of identify for 56 gold pieces
 25566 | Vaults:1 | Entered Level 1 of the Vaults
 25885 | Vaults:1 | Noticed a Hell Sentinel
 25921 | Vaults:1 | Reached skill level 10 in Evocations
 25942 | Vaults:1 | Noticed Asterion
 25966 | Vaults:1 | Killed Asterion
 26270 | Vaults:1 | Reached XP level 18. HP: 189/189 MP: 25/25
 26325 | Vaults:1 | Gained mutation: You have claws for feet. [hidden
                  | potential]
 26325 | Vaults:1 | Lost mutation: You have great hidden genetic potential.
                  | [hidden potential expressed]
 27428 | Vaults:2 | Lost mutation: You have a pair of small antennae on your
                  | head. [Jiyva's grace]
 27428 | Vaults:2 | Lost mutation: Your flesh is cold resistant. (rC+) [Jiyva's
                  | grace]
 27428 | Vaults:2 | Lost mutation: Armour fits poorly on your large pseudopods.
                  | [Jiyva's grace]
 27428 | Vaults:2 | Gained mutation: Armour fits poorly on your large
                  | pseudopods. [Jiyva's grace]
 27428 | Vaults:2 | Gained mutation: Armour fits poorly on your massive
                  | pseudopods. [Jiyva's grace]
 27428 | Vaults:2 | Lost mutation: You have hidden genetic potential. [Jiyva's
                  | grace]
 27428 | Vaults:2 | Gained mutation: You are somewhat resistant to further
                  | mutation. [Jiyva's grace]
 27428 | Vaults:2 | Gained mutation: You are somewhat resistant to both further
                  | mutation and mutation removal. [Jiyva's grace]
 27701 | Vaults:2 | Identified the amulet "Zad Pifu" {Acrobat rElec rF+++ rC+
                  | Stlth-}
 27804 | Vaults:2 | Reached skill level 15 in Evocations
 27820 | Vaults:2 | Reached skill level 1 in Armour
 28150 | Vaults:3 | Found Zegyc's Distillery.
 28158 | Vaults:3 | Bought a potion of might for 60 gold pieces
 28158 | Vaults:3 | Bought a potion of might for 60 gold pieces
 28274 | Vaults:3 | Reached skill level 5 in Armour
 28307 | Vaults:3 | Reached XP level 19. HP: 140/197 MP: 26/26
 28435 | Vaults:3 | Found a staircase to the Crypt.
 28520 | Vaults:3 | Identified the +8 great mace of Experimentation {elec, rN+
                  | MP+9 Int+2 Dex-4}
 28573 | Vaults:3 | Found a crumbling gateway.
 28615 | Desolati | Entered the Desolation of Salt
 28874 | Desolati | Identified the ring "Bogocuekh" {Fly Will+ Int+7 Dex-5
                  | SInv}
 28884 | Desolati | Reached skill level 10 in Armour
 28928 | Desolati | Identified the amulet "Efuil" {rN+++ Regen+ MP+9 Dex+3}
 28955 | Desolati | Identified the amulet of Astuerah {Regen+ rCorr}
 28961 | Desolati | Identified the +8 hand axe of Otutwuzu {pain, Fragile rF+++
                  | Will++ Int+3}
 29004 | Desolati | Identified the +1 great sword of the Transparent God
                  | {venom, +Blink Will+ Dex+3 Stlth+}
 29265 | Desolati | Identified the ring of the Gastropod {Will+ Int+3 Stlth+}
 29756 | Vaults:3 | Lost mutation: You have supernaturally acute eyesight.
                  | (SInv) [Jiyva's grace]
 29756 | Vaults:3 | Lost mutation: Your natural rate of healing is unusually
                  | fast. [Jiyva's grace]
 29756 | Vaults:3 | Gained mutation: You have acidic saliva. [Jiyva's grace]
 29756 | Vaults:3 | Gained mutation: Your flesh is cold resistant. (rC+)
                  | [Jiyva's grace]
 29756 | Vaults:3 | Gained mutation: Your flesh is very cold resistant. (rC++)
                  | [Jiyva's grace]
 29756 | Vaults:3 | Gained mutation: Your flesh is almost immune to the effects
                  | of cold. (rC+++) [Jiyva's grace]
 29971 | Vaults:4 | Noticed Sojobo
 30253 | Vaults:4 | Reached XP level 20. HP: 147/206 MP: 23/27
 30479 | Vaults:4 | Found Sesecuk's Book Emporium.
 30487 | Vaults:4 | Bought an Inescapable Atlas for 272 gold pieces
 30490 | Vaults:4 | Learned a level 2 spell: Blink
 30626 | Vaults:4 | Noticed Mennas
 30791 | Vaults:4 | Killed Mennas
 30891 | Vaults:4 | Identified the +0 scale mail of the Salmon {Regen+}
 31081 | Vaults:4 | Killed Sojobo
 31275 | Vaults:4 | Noticed Mara
 31283 | Vaults:4 | Killed Mara
 31409 | Vaults:5 | Entered Level 5 of the Vaults
 31720 | Spider:1 | Entered Level 1 of the Spider Nest
 31944 | Depths:1 | Entered Level 1 of the Depths
 32355 | Depths:1 | Found an ornate altar of the Wu Jian Council.
 32358 | Depths:1 | Lost mutation: You have claws for feet. [Jiyva's grace]
 32358 | Depths:1 | Lost mutation: You have razor-sharp toenails. [Jiyva's
                  | grace]
 32358 | Depths:1 | Lost mutation: You are somewhat resistant to both further
                  | mutation and mutation removal. [Jiyva's grace]
 32358 | Depths:1 | Lost mutation: You are extremely robust. (+30% HP) [Jiyva's
                  | grace]
 32358 | Depths:1 | Lost mutation: Your spells are much harder to cast, but
                  | much more powerful. [Jiyva's grace]
 32358 | Depths:1 | Lost mutation: You have acidic saliva. [Jiyva's grace]
 32358 | Depths:1 | Lost mutation: Armour fits poorly on your massive
                  | pseudopods. [Jiyva's grace]
 32358 | Depths:1 | Lost mutation: Armour fits poorly on your large pseudopods.
                  | [Jiyva's grace]
 32358 | Depths:1 | Lost mutation: Your translucent skin slightly reduces your
                  | foes' accuracy. (Stealth+) [Jiyva's grace]
 32358 | Depths:1 | Gained mutation: Your skin changes colour to match your
                  | surroundings (Stealth+). [Jiyva's grace]
 32358 | Depths:1 | Gained mutation: Your skin blends seamlessly with your
                  | surroundings (Stealth++). [Jiyva's grace]
 32358 | Depths:1 | Gained mutation: Your skin perfectly mimics your
                  | surroundings (Stealth+++). [Jiyva's grace]
 32358 | Depths:1 | Gained mutation: Your spells are much harder to cast, but
                  | much more powerful. [Jiyva's grace]
 32389 | Depths:1 | Identified the +4 ring mail of Compassion {rN+++ rCorr
                  | Str+3 Dex-3}
 32393 | Depths:1 | Found a gateway to Hell.
 32492 | Depths:1 | Found Utericsi's Assorted Antiques.
 32492 | Depths:1 | Found Ucrowk's Antique Weapon Shop.
 32494 | Depths:1 | Found Qeuseoqa's Armour Boutique.
 32498 | Depths:1 | Found Asumm's Distillery.
 32501 | Depths:1 | Bought a scroll of identify for 72 gold pieces
 32506 | Depths:1 | Bought a potion of heal wounds for 85 gold pieces
 32849 | Depths:2 | Found a stormy altar of Qazlal.
 33086 | Elf:1    | Entered Level 1 of the Elven Halls
 33192 | Elf:1    | Paralysed by an air elemental for 1 turns
 33389 | Abyss:4  | Cast into level 4 of the Abyss (+2 war axe of distortion)
 33523 | Abyss:5  | Got an abyssal rune of Zot
 33735 | Elf:1    | Escaped the Abyss
 34316 | Elf:2    | Reached XP level 21. HP: 200/200 MP: 31/31
 34345 | Elf:2    | Reached skill level 15 in Fighting
 34356 | Elf:2    | Identified the +1 ring mail of the Camelopard {rC+ Will+}
 34564 | Elf:2    | Found a runed translucent gate.
 34564 | Elf:2    | Found a runed translucent gate.
 34565 | Elf:2    | Found a runed translucent gate.
 34795 | Elf:2    | Lost mutation: Your skin perfectly mimics your surroundings
                  | (Stealth+++). [Jiyva's grace]
 34795 | Elf:2    | Lost mutation: Your flesh is almost immune to the effects
                  | of cold. (rC+++) [Jiyva's grace]
 34795 | Elf:2    | Lost mutation: Your flesh is very cold resistant. (rC++)
                  | [Jiyva's grace]
 34795 | Elf:2    | Lost mutation: Your spells are much harder to cast, but
                  | much more powerful. [Jiyva's grace]
 34795 | Elf:2    | Gained mutation: Your flesh is heat resistant. (rF+)
                  | [Jiyva's grace]
 34795 | Elf:2    | Gained mutation: Your flesh is very heat resistant. (rF++)
                  | [Jiyva's grace]
 34795 | Elf:2    | Gained mutation: Your flesh is almost immune to the effects
                  | of heat. (rF+++) [Jiyva's grace]
 34795 | Elf:2    | Gained mutation: You have acidic saliva. [Jiyva's grace]
 35120 | Elf:3    | Entered Level 3 of the Elven Halls
 35292 | Elf:3    | Found Attabeuh's General Store.
 35345 | Elf:3    | Bought a +2 helmet of intelligence for 344 gold pieces
 35345 | Elf:3    | Bought a scroll of teleportation for 48 gold pieces
 35389 | Elf:3    | Found Peppy's Assorted Antiques.
 35492 | Elf:3    | Reached skill level 15 in Unarmed Combat
 35511 | Elf:3    | HP: 8/205 [deep elf annihilator/poison arrow (26)]
 36319 | Elf:3    | Identified the +0 leather armour of the Valley of Death
                  | {rPois Str+2 Int+3}
 36331 | Elf:3    | Identified the staff of Corruption {rElec Int+3 Air}
 36347 | Elf:3    | Identified the staff "Pess" {Contam rPois rF+ rC+ Str+4
                  | Ice}
 36362 | Elf:3    | Found the +5 Storm Queen's Shield {shock, Fly rElec}
 36410 | Elf:3    | Identified the +11 flail "Impslayer" {heavy, Stlth+}
 37073 | Depths:2 | Noticed a juggernaut
 37088 | Depths:2 | Killed a juggernaut
 37152 | Depths:2 | Reached XP level 22. HP: 151/217 MP: 30/32
 37380 | Depths:2 | Identified the +10 glaive "Seuhunn" {flame, Str+3 Int+6}
 37552 | Depths:2 | Identified the storm talisman "Vaongoh Baat" {Str+2}
 37689 | Depths:2 | Found a one-way gateway to a ziggurat.
 37860 | Depths:2 | Lost mutation: Your flesh is cold resistant. (rC+) [Jiyva's
                  | grace]
 37860 | Depths:2 | Lost mutation: You are somewhat resistant to further
                  | mutation. [Jiyva's grace]
 37860 | Depths:2 | Lost mutation: You are very robust. (+20% HP) [Jiyva's
                  | grace]
 37860 | Depths:2 | Gained mutation: You have razor-sharp toenails. [Jiyva's
                  | grace]
 37860 | Depths:2 | Gained mutation: You have claws for feet. [Jiyva's grace]
 37860 | Depths:2 | Gained mutation: Armour fits poorly on your large
                  | pseudopods. [Jiyva's grace]
 37860 | Depths:2 | Gained mutation: Armour fits poorly on your massive
                  | pseudopods. [Jiyva's grace]
 37947 | Depths:2 | Found a one-way gate leading to the halls of Pandemonium.
 38322 | Depths:3 | Found a one-way gate to the infinite horrors of the Abyss.
 38322 | Depths:3 | Noticed Louise
 38327 | Depths:3 | Killed Louise
 38711 | Depths:3 | Noticed a dread lich
 38742 | Depths:3 | Found Laumeg's Book Boutique.
 38907 | Depths:3 | Found a hide-covered altar of Uskayaw.
 38952 | Depths:3 | Identified the +7 mace of the Maze {flame, Fragile Str+6
                  | Int+4 SInv}
 39077 | Depths:3 | Reached skill level 17 in Shapeshifting
 39175 | Depths:3 | Paralysed by a dread lich for 2 turns
 39180 | Depths:3 | Killed a dread lich
 39230 | Depths:3 | Identified the +0 lajatang "Coezuri" {vamp, Str+4 Int-4
                  | Stlth+}
 39317 | Depths:4 | Entered Level 4 of the Depths
 40123 | Depths:4 | Reached skill level 18 in Shapeshifting
 40189 | Depths:4 | Noticed a golden dragon
 40225 | Depths:4 | Killed a golden dragon
 40287 | Depths:4 | Lost mutation: You have claws for feet. [Jiyva's grace]
 40287 | Depths:4 | Lost mutation: Your skin blends seamlessly with your
                  | surroundings (Stealth++). [Jiyva's grace]
 40287 | Depths:4 | Lost mutation: You are agile. (Dex +4, Str/Int -1) [Jiyva's
                  | grace]
 40287 | Depths:4 | Lost mutation: Your flesh is almost immune to the effects
                  | of heat. (rF+++) [Jiyva's grace]
 40287 | Depths:4 | Lost mutation: You are robust. (+10% HP) [Jiyva's grace]
 40287 | Depths:4 | Lost mutation: Your body has grown eyes which may confuse
                  | attackers. (Acc +3) [Jiyva's grace]
 40287 | Depths:4 | Lost mutation: Armour fits poorly on your massive
                  | pseudopods. [Jiyva's grace]
 40287 | Depths:4 | Gained mutation: Your flesh is cold resistant. (rC+)
                  | [Jiyva's grace]
 40287 | Depths:4 | Gained mutation: Your flesh is very cold resistant. (rC++)
                  | [Jiyva's grace]
 40287 | Depths:4 | Gained mutation: Your flesh is almost immune to the effects
                  | of cold. (rC+++) [Jiyva's grace]
 40287 | Depths:4 | Gained mutation: You are covered in slimy tendrils that may
                  | disarm your opponents. [Jiyva's grace]
 40288 | Depths:4 | Lost mutation: Your spells are harder to cast, but more
                  | powerful. [potion of mutation]
 40288 | Depths:4 | Lost mutation: Your spells are a little harder to cast, but
                  | a little more powerful. [potion of mutation]
 40288 | Depths:4 | Lost mutation: Armour fits poorly on your large pseudopods.
                  | [potion of mutation]
 40288 | Depths:4 | Lost mutation: Your flesh is very heat resistant. (rF++)
                  | [potion of mutation]
 40377 | Depths:4 | Found a gate to the Realm of Zot.
 40411 | Depths:4 | Found a corrupted altar of Lugonu.
 40653 | Depths:4 | Identified the talisman of death of the Evening {+Blink
                  | Will+}
 40737 | Depths:4 | Voluntarily entered the Abyss.
 40875 | Abyss:5  | Gained mutation: You are powered by pain. [demonic
                  | ancestry]
 40875 | Abyss:5  | Reached XP level 23. HP: 130/188 MP: 25/33
 40916 | Abyss:5  | Reached skill level 19 in Shapeshifting
 40996 | Abyss:5  | Paralysed by accursed screaming for 1 turns
 41166 | Abyss:5  | Paralysed by accursed screaming for 2 turns
 41172 | Abyss:5  | Paralysed by accursed screaming for 1 turns
 41181 | Abyss:6  | Noticed a dread lich
 41240 | Abyss:6  | Killed a dread lich
 41279 | Depths:4 | Escaped the Abyss
 41733 | Depths:4 | Found a gate to the Realm of Zot.
 41744 | Depths:4 | Found a corrupted altar of Lugonu.
 42383 | Depths:4 | Found a gate to the Realm of Zot.
 42394 | Depths:4 | Found a corrupted altar of Lugonu.
 42758 | Crypt:1  | Entered Level 1 of the Crypt
 42783 | Crypt:1  | Noticed Jory
 42814 | Crypt:1  | Killed Jory
 42892 | Crypt:1  | Reached skill level 20 in Shapeshifting
 43227 | Crypt:1  | Found a magical portal.
 43251 | WizLab   | Entered The Hall of the Hellbinder
 43552 | WizLab   | Found a burning altar of Makhleb.
 44111 | Crypt:1  | Reached skill level 21 in Shapeshifting
 44421 | Crypt:2  | Noticed Xtahua
 44430 | Crypt:2  | Killed Xtahua
 44721 | Crypt:2  | Noticed Grunn
 44740 | Crypt:2  | Killed Grunn
 44867 | Crypt:3  | Entered Level 3 of the Crypt
 45022 | Crypt:3  | Gained mutation: When low on magic, you restore magic in
                  | place of health. [demonic ancestry]
 45022 | Crypt:3  | Reached XP level 24. HP: 169/195 MP: 33/33
 45258 | Crypt:3  | Reached skill level 22 in Shapeshifting
 45950 | Crypt:3  | Found a staircase to the Tomb.
 46721 | Hell     | Entered the Vestibule of Hell
 46769 | Hell     | Reached skill level 23 in Shapeshifting
 47076 | Hell     | Noticed Geryon
 47475 | Hell     | Killed Geryon
 47511 | Hell     | Found a gateway to the freezing wastes of Cocytus.
 47627 | Hell     | Found a gateway to the ashen valley of Gehenna.
 47893 | Hell     | Found a gateway to the decaying netherworld of Tartarus.
 48080 | Hell     | Found a gateway to the Iron City of Dis.
 48288 | Zot:1    | Entered Level 1 of the Realm of Zot
 48314 | Zot:1    | Reached skill level 1 in Translocations
 48586 | Zot:2    | Gained mutation: Your melee attacks may debilitate your
                  | foes. [demonic ancestry]
 48586 | Zot:2    | Reached XP level 25. HP: 202/202 MP: 33/33
 48869 | Zot:5    | Entered Level 5 of the Realm of Zot
 49175 | Zot:5    | Noticed an orb of fire
 49193 | Zot:5    | Killed an orb of fire
 49567 | Zot:4    | Noticed a Killer Klown
 49618 | Zot:4    | Killed a Killer Klown
 49619 | Zot:4    | Reached skill level 5 in Translocations
 49695 | Zot:4    | Identified the +1 halberd of Attainder {protect, Fly rF-
                  | Str+3 Dex+2}
 49859 | Zot:4    | Learned a level 4 spell: Manifold Assault
 50158 | Zot:4    | Identified the ring of Sexab {rF+ Str+3 Dex+7 Slay-2}
 50503 | Zot:3    | Reached skill level 10 in Translocations
 50688 | Zot:3    | Gained mutation: You are surrounded by an aura of silence.
                  | [demonic ancestry]
 50688 | Zot:3    | Reached XP level 26. HP: 148/209 MP: 26/33
 50938 | Zot:3    | Noticed an orb of fire
 50963 | Zot:3    | Killed an orb of fire
 51132 | Zot:3    | Identified the granite talisman of Kottusof {rC+++ rN+
                  | Str-5}
 52458 | Zot:1    | Reached skill level 15 in Translocations
 53199 | Zot:1    | Learned a level 6 spell: Dispersal
 53385 | Tomb:3   | Identified the "Toxaiczi"
 53385 | Dis:7    | Identified the "Boskoniom"
 53385 | Dis:7    | Identified the of Corik
 53385 | Zig:1    | Entered Level 1 of a ziggurat
 53386 | Zig:1    | Noticed Butsil the pandemonium lord
 53400 | Zig:1    | Killed Butsil the pandemonium lord
 53411 | Zig:2    | Entered Level 2 of a ziggurat
 53428 | Zig:3    | Entered Level 3 of a ziggurat
 53474 | Zig:4    | Identified the "Otowauri"
 53474 | Zig:4    | Entered Level 4 of a ziggurat
 53505 | Zig:5    | Entered Level 5 of a ziggurat
 53552 | Zig:6    | Entered Level 6 of a ziggurat
 53568 | Zig:6    | Identified the +1 leather armour of the Fife {rN+ Str+3
                  | Dex+3}
 53573 | Zig:7    | Entered Level 7 of a ziggurat
 53637 | Zig:8    | Entered Level 8 of a ziggurat
 53721 | Zig:9    | Entered Level 9 of a ziggurat
 53729 | Zig:9    | Found the +2 shield of Resistance {rF++ rC++ Will++}
 53757 | Zig:9    | Identified the +2 trident "Raisin" {flame, Int+3}
 53761 | Zig:10   | Entered Level 10 of a ziggurat
 53870 | Zig:10   | Reached XP level 27. HP: 135/215 MP: 19/33
 53945 | Zig:10   | Identified the +0 robe "Caps" {rElec rC+ rN+}
 53947 | Zig:11   | Identified the "Effats"
 53947 | Zig:11   | Entered Level 11 of a ziggurat
 53955 | Zig:11   | Found the +10 Black Knight's barding {ponderous, rPois rN+}
 53957 | Zig:11   | Noticed an ancient lich
 53998 | Zig:11   | Killed an ancient lich
 54095 | Zig:11   | Identified the +9 halberd "Zogenk" {chaos, Int+5 Dex-4}
 54099 | Zig:12   | Entered Level 12 of a ziggurat
 54109 | Zig:12   | Noticed Ischasic the pandemonium lord
 54115 | Zig:13   | Entered Level 13 of a ziggurat
 54214 | Zig:13   | Identified the +9 halberd of Biaryz {holy, rN+ Int+3
                  | Stlth+}
 54219 | Zig:14   | Identified the "Amoefomp"
 54219 | Zig:14   | Entered Level 14 of a ziggurat
 54230 | Zig:14   | Noticed Arzdou's ghost (legendary DEIE)
 54293 | Zig:14   | Killed Arzdou's ghost
 54306 | Zig:14   | Noticed Stil's ghost (legendary GrFi)
 54321 | Zig:14   | Reached skill level 10 in Hexes
 54327 | Zig:14   | Found the +8 trishula "Condemnation" {holy, anguish, *Noise
                  | Fly rN+}
 54351 | Zig:14   | Killed Stil's ghost
 54495 | Zig:14   | Identified the ring of Negackekh {rElec rN+ Dex+4}
 54497 | Zig:14   | Identified the staff of Wotypt {+Blink rN++ Dex-4 Earth}
 54498 | Zig:14   | Identified the +4 broad axe of Spontaneous Combustion
                  | {protect, rPois rF- rC++ Str-3}
 54499 | Zig:14   | Identified the +5 double sword "Ogrebane" {elec, rF++
                  | Dex-4}
 54500 | Zig:14   | Identified the staff of Tufriodd {rPois rC+ Dex+3 Poison}
 54792 | Zot:5    | Noticed an orb of fire
 54820 | Zot:5    | Noticed an orb of fire
 54828 | Zot:5    | Noticed an ancient lich
 54844 | Zot:5    | Killed an orb of fire
 54856 | Zot:5    | Noticed a dread lich
 54856 | Zot:5    | Noticed a dread lich
 54858 | Zot:5    | Noticed a dread lich
 55032 | Zot:5    | Killed a dread lich
 55298 | Zot:5    | Noticed an ancient lich
 55301 | Zot:5    | Noticed an ancient lich
 55301 | Zot:5    | Noticed an orb of fire
 55302 | Zot:5    | Noticed a dread lich
 55326 | Zot:5    | Noticed an ancient lich
 55330 | Zot:5    | Killed from afar by an ancient lich

Illustrated notes

Levels and vault maps discovered:
D:1:      onia_arrival_mini_spirals, layout_basic
D:2:      layout_basic, serial_shops, shop, shapermc_ecumenical_altar_venn
D:3:      layout_rooms, tso_oasis_becter, serial_forest,
          infiniplex_forest_clump_small, infiniplex_forest_zigzag_2,
          infiniplex_forest_straight_2, infiniplex_forest_zigzag_2,
          infiniplex_forest_corner_1, infiniplex_forest_clump_tiny,
          infiniplex_forest_clump_curved, infiniplex_forest_clump_small,
          infiniplex_forest_clump_medium, infiniplex_forest_end_2
D:4:      layout_cave_pools, amcnicky_altar_gilded, mainiacjoe_overflow_paths,
          serial_shops, nicolae_diamond_shop,
          eino_small_chamber_without_monster, minmay_misc_feat_iff,
          minmay_between, uniq_crazy_yiuf_cottage
D:5:      layout_gridville, minmay_temple_entry_mist, gup_sewer_entry_glass,
          hangedman_abyss_or_decor_stabs
D:6:      layout_gridville, bloody_makhleb, minmay_stone_trees_small,
          nrook_mini_backslash, feat_on_display
D:7:      layout_basic, nicolae_ru_the_path_less_chosen,
          evilmike_ruin_ashenzari, lightli_ossuary_entry_decrepit_ruins,
          kennysheep_dice
D:8:      layout_cave_pools, lair_entry_dummy, gammafunk_ghost_split,
          nicolae_shop_firing_range
D:9:      layout_roguey, orc_0_dummy, grunt_ministairs_15, uniq_harold
D:10:     layout_irregular_city, lemuel_doored_altar, led_sif_pool,
          gammafunk_temple_overflow_claw, serial_shops,
          nicolae_shop_tiny_waterfront, library_closet
D:11:     layout_long_grid, st_stairs_10, dreamdust_mushroom_princess,
          xom_redecorated
D:12:     nrook_guardian_serpent_snake_passage, layout_loops_cross,
          minivault_27, marbit_kobold_abyssish, uniq_azrael, uniq_nergalle
D:13:     hangedman_cross_cluster, layout_cross, david_vaults_1,
          hangedman_decor_push, uniq_rupert, uniq_erolcha, uniq_urug
D:14:     layout_irregular_city, serial_shops, shop, grunt_ministairs_12,
          nicolae_shop_overcharged_wands, uniq_agnes
D:15:     gammafunk_depths_entry_grave, layout_cave_pools,
          hangedman_decor_slide_cut
Lair:1:   layout_layer_cave, uniq_amaemon
Lair:2:   layout_long_grid, elwin_shoals_entry_stream, spider_nest_entry_rubble,
          st_stairs_8, lemuel_fruit_fields
Lair:3:   layout_layer_cave, minmay_shattered_shrine, grunt_megastairs_4
Lair:4:   layout_regular_city, grunt_megastairs_3, serial_bayou_shore_a,
          serial_bayou_shore_b, uniq_nessos
Lair:5:   guppyfry_lair_end_dragon, layout_cave_shapes, wormcave,
          minmay_slime_entry_oklob_open, nicolae_volcano_entry_hallway,
          lemuel_fruit_fields
Shoals:1: layout_shoals, hangedman_shoals_cup_caves
Shoals:2: layout_shoals, serial_shops, nicolae_shop_pleasant_corner_grove
Shoals:3: layout_shoals, uniq_donald, uniq_nikola
Shoals:4: shoals_end_hangedman, layout_shoals, portal_ice_cave_entry_pillars_2,
          nicolae_shoals_land_atoll, nicolae_shoals_shepherds
Spider:1: layout_cave_pods, drop_trap, uniq_jorgrun
Slime:1:  layout_caves, nicolae_slime_barrier
Slime:2:  layout_caves
Slime:3:  layout_caves
Slime:4:  layout_caves
Slime:5:  slime_pit_nicolae_amoeboid
Orc:1:    layout_diamond_mine, serial_shops, nicolae_shop_tiny_real_fake_doors
Orc:2:    st_orc_elflike, layout_diamond_mine, basic_altar,
          gammafunk_ghost_berserking_beasts, uniq_maurice
Elf:1:    eino_elf_arrival_customs, layout_gridlike, minivault_28
Elf:2:    nicolae_elf_blades_splatter_lattice [infiniplex_blade_entry_pillars],
          layout_geoelf_grid
Elf:3:    minmay_elf_hall_four_x, layout_geoelf_grid, serial_shops, shop,
          nicolae_shop_stone, lemuel_flamethrower_1, grunt_megastairs_5
Vaults:1: vaults_mumra_hex, v_rooms_3, nicolae_vaults_little_squares_5,
          hangedman_vaults_maws, nicolae_vaults_network_periphery,
          nicolae_vaults_shelves_hall, nicolae_vaults_diamond_2, v_misc_16,
          nicolae_vaults_house_1, nicolae_vaults_trapezoid_lopsided_2,
          hangedman_vaults_stitches, nicolae_vaults_tetromino_Z_2,
          v_alt_pattern_1, hangedman_vaults_variations,
          vaults_dpeg_emergency_exit, nicolae_vaults_tetromino_Z_1,
          nicolae_vaults_rhombus_7, nicolae_vaults_apartment_1,
          layout_vaults_omnicross, uniq_asterion
Vaults:2: v_alt_pattern_2, nicolae_vaults_enemy_cabinets, grunt_vaults_funnel,
          v_misc_29, serial_ice_m, hangedman_vaults_corner, vaults_dpeg_ring,
          vaults_dpeg_cross, ontoclasm_vaults_ligature,
          nicolae_vaults_closet_pinwheel_4, hangedman_vaults_snaps,
          nicolae_vaults_tetromino_L_1, layout_vaults_ring
Vaults:3: portal_desolation_entry_holy_temple, nicolae_vaults_storage_closets_1,
          nicolae_vaults_spaceships, minmay_crypt_entry_simple_sparse,
          nicolae_vaults_network_quinsquares
          [nicolae_vaults_network_quincunx_subvault,
          nicolae_vaults_network_quincunx_subvault,
          nicolae_vaults_network_quincunx_subvault,
          nicolae_vaults_network_quincunx_subvault], vaults_dpeg_diagonal,
          dpeg_vaults_monster_row, nicolae_vaults_double_plus_3,
          nicolae_vaults_house_3, nicolae_vaults_little_squares_3,
          nicolae_vaults_six-pack, nicolae_vaults_two_Ls,
          nicolae_vaults_more_shelving_2, nicolae_vaults_oval_intersection,
          layout_vaults_omnibox, serial_shops, nicolae_shop_statue_plus
Vaults:4: nicolae_vaults_tetromino_T_1, nicolae_vaults_surprise_closet,
          v_pattern_2, nicolae_vaults_theta, v_misc_19, ontoclasm_vaults_eye,
          vaults_room_octagon, vaults_mumra_minichess_inversion,
          nicolae_vaults_yaktaur_gun_rack, nicolae_vaults_mini_display_case,
          nicolae_vaults_two_Ls, layout_vaults_chaotic_city, serial_shops,
          shop_statue, uniq_sojobo, uniq_mara, uniq_mennas
Vaults:5: serial_shops
Crypt:1:  cheibrodos_crypt_draghalla, layout_regular_city, mu_enter_wizlab_4,
          uniq_jory
Crypt:2:  layout_chaotic_city, uniq_xtahua, uniq_grunn
Crypt:3:  due_elkab, layout_chaotic_city, glass_columns_c, grunt_ministairs_13,
          minivault_11
Depths:1: layout_basic, hell_entry, hex_intersection, nzn_wu_jian_contemplation,
          minmay_shoptagon, serial_bayou_shore_b
Depths:2: evilmike_hourglass, layout_basic, enter_ziggurat_d,
          nicolae_qazlal_style_of_elements, lightli_too_deep,
          rand_demon_pan_entry_4, roderic_serpentine_path, minislime_mu
Depths:3: minmay_guarded_unrand_majin_bo, layout_gridlike, hell_entry,
          serial_shops, shop, nicolae_abyss_entry_one_way_or_another,
          nicolae_uskayaw_murder_on_the_dancefloor
Depths:4: evilmike_zot_entry_diamond, layout_long_grid,
          pf_vacation_house_of_asmodeus, abyss_entry_flame_altar,
          kennysheep_flooded_box, kennysheep_random_hallway
Hell
Zot:1:    layout_twisted_circle, grunt_ministairs_13, grunt_megastairs_1
Zot:2:    layout_basic, st_stairs_3
Zot:3:    layout_misc_corridors
Zot:4:    cheibrodos_zot_enchanting_chambers, layout_misc_corridors,
          regret_index_zotdec_carving_tricks
Zot:5:    layout_basic

Skill      XL: |  1  2  3  4  5  6  7  8  9 10 11 12 13 14 15 16 17 18 19 20 21 22 23 24 25 26 27 |
---------------+----------------------------------------------------------------------------------+-----
Shapeshifting  | 3 4 5 6 8 9 13 16 18 21 23 | 23.1
Dodging        | 3 5 7 9 10 12 13 14 | 14.0
Unarmed Combat | 4 6 7 9 11 12 13 15 16 18 20 | 20.0
Fighting       | 3 6 8 10 11 13 14 17 | 17.9
Spellcasting   | 5 7 |  7.0
Hexes          | 5 7 12 | 12.0
Transmutations | 5 6 |  6.9
Evocations     | 3 11 15 | 15.0
Armour         | 6 13 14 | 14.0
Translocations | 3 10 17 | 17.8

Action                     |  1- 3 |  4- 6 |  7- 9 | 10-12 | 13-15 | 16-18 | 19-21 | 22-24 | 25-27 || total
---------------------------+-------+-------+-------+-------+-------+-------+-------+-------+-------++-------
  Melee: Unarmed           |   117 |    66 |   273 |   465 |   962 |   913 |  1078 |  1792 |  1544 ||  7210
         Punch             |     2 |     4 |     3 |       |    24 |    84 |    87 |   258 |   261 ||   723
         Touch             |       |     8 |    50 |   124 |   266 |   171 |   215 |   374 |   255 ||  1463
         Pseudopods        |       |       |    35 |    72 |    30 |   205 |   232 |   515 |   396 ||  1485
         Constrict         |       |       |    11 |       |       |       |       |       |       ||    11
         Peck              |       |       |       |       |   137 |       |       |       |       ||   137
         Headbutt          |       |       |       |       |    42 |   103 |       |       |       ||   145
         Kick              |       |       |       |       |       |   138 |   252 |   339 |       ||   729
         Bite              |       |       |       |       |       |       |    70 |   303 |   214 ||   587
   Cast: Wereblood         |       |       |       |       |     9 |    21 |    20 |     6 |       ||    56
         Manifold Assault  |       |       |       |       |       |       |       |       |   153 ||   153
         Dispersal         |       |       |       |       |       |       |       |       |     4 ||     4
 Invoke: Slimify           |       |       |       |       |     1 |     1 |     2 |     1 |       ||     5
         Oozemancy         |       |       |       |       |       |     1 |     1 |     1 |     1 ||     4
Ability: Siphon Essence    |       |       |       |       |       |       |       |     3 |    13 ||    16
  Evoke: Lightning rod     |       |       |       |       |       |     4 |       |       |       ||     4
         Box of beasts     |       |       |       |       |       |       |     1 |       |     1 ||     2
         Tin of tremorston |       |       |       |       |       |       |     1 |       |     2 ||     3
         Wand              |       |       |       |       |       |       |       |     3 |     1 ||     4
         Phantom mirror    |       |       |       |       |       |       |       |     1 |     1 ||     2
         Horn of Geryon    |       |       |       |       |       |       |       |       |     1 ||     1
    Use: Scroll            |       |     4 |     6 |     5 |     9 |    12 |     9 |     4 |    15 ||    64
         Potion            |       |       |     1 |       |       |     6 |     2 |     2 |       ||    11
   Stab: Sleeping          |     4 |     2 |       |       |     2 |     9 |     7 |     5 |       ||    29
         Confused          |       |       |     8 |    16 |    77 |     9 |     6 |     4 |     4 ||   124
         Distracted        |       |       |       |       |     1 |     2 |     1 |     2 |       ||     6
 Armour: Animal skin       |    27 |       |       |       |       |       |       |       |       ||    27
         Robe              |    18 |    21 |    89 |   153 |   454 |   584 |       |       |       ||  1319
         Skin              |       |       |   110 |       |       |       |       |       |       ||   110
         Ice dragon scales |       |       |       |       |       |    63 |   817 |  1885 |  1568 ||  4333
         Gold dragon scale |       |       |       |       |       |       |       |     8 |       ||     8
  Dodge: Dodged            |    60 |    54 |   264 |   520 |  1350 |  1033 |   906 |  1522 |  1044 ||  6753
   Form: Anaconda          |       |       |     2 |       |       |       |       |       |       ||     2
         Flux              |       |       |     2 |       |       |       |       |       |       ||     2
         Blade             |       |       |       |       |     1 |       |       |       |       ||     1
         Death             |       |       |       |       |       |       |       |     1 |       ||     1

Table legend: (Time is in decaauts)
 A = Elapsed time spent in this place.
 B = Non-inter-level travel time spent in this place.
 C = Inter-level travel time spent in this place.
 D = Time resting spent in this place.
 E = Time spent auto-exploring this place.
 F = Levels seen in this place.
 G = Mean time per level.
                   A        B        C        D        E       F      G
               +--------+--------+--------+--------+--------+-----+--------+
         Total |  53842 |  48320 |   5522 |   4121 |  30983 |  77 |  699.2 |
       Dungeon |  13474 |  11005 |   2469 |    360 |   8626 |  15 |  898.3 |
          Lair |   5609 |   4957 |    652 |     91 |   3773 |   5 | 1121.8 |
        Shoals |   3801 |   3662 |    139 |    339 |   2389 |   4 |  950.2 |
   Spider Nest |      1 |      1 |      0 |      0 |      0 |   1 |    1.0 |
    Slime Pits |    472 |    387 |     85 |      0 |    355 |   5 |   94.4 |
  Orcish Mines |   1000 |    729 |    271 |      0 |    456 |   2 |  500.0 |
   Elven Halls |   3301 |   3100 |    201 |    509 |   1836 |   3 | 1100.3 |
        Vaults |   5331 |   4721 |    610 |    292 |   3230 |   5 | 1066.2 |
         Crypt |   2867 |   2745 |    122 |      0 |   1737 |   3 |  955.7 |
        Depths |   7160 |   6364 |    796 |    984 |   3831 |   4 | 1790.0 |
          Hell |    705 |    678 |     27 |     23 |    362 |   1 |  705.0 |
           Zot |   5234 |   5090 |    144 |    905 |   2538 |   5 | 1046.8 |
         Abyss |    790 |    790 |      0 |    140 |    101 |   4 |  197.5 |
      Ziggurat |    987 |    987 |      0 |    338 |     72 |  14 |   70.5 |
         Sewer |    658 |    658 |      0 |      4 |    461 |   1 |  658.0 |
       Ossuary |    192 |    192 |      0 |      0 |    118 |   1 |  192.0 |
      Ice Cave |    708 |    708 |      0 |      0 |    477 |   1 |  708.0 |
       Volcano |    313 |    313 |      0 |      3 |    113 |   1 |  313.0 |
        Wizlab |    455 |    455 |      0 |    122 |    147 |   1 |  455.0 |
    Desolation |    775 |    775 |      0 |     11 |    360 |   1 |  775.0 |
               +--------+--------+--------+--------+--------+-----+--------+

Top non-repeatable levels by time:
Depths:4: 2467 daAuts
Depths:1: 1730 daAuts
Depths:3: 1657 daAuts
Vaults:4: 1598 daAuts
   Elf:3: 1547 daAuts
     D:3: 1340 daAuts
Vaults:1: 1315 daAuts
  Lair:1: 1310 daAuts
Vaults:3: 1309 daAuts
Depths:2: 1305 daAuts
 Crypt:3: 1266 daAuts
Shoals:4: 1232 daAuts
  Lair:5: 1232 daAuts
     D:9: 1180 daAuts
   Zot:5: 1174 daAuts
